 Dungeon Crawl Stone Soup version 0.30-a0-374-g95c0257040 (webtiles) character file.

Game seed: 8096665404196349797

28 Shayle the Conjurer (level 3, 12/28 HPs)
             Began as a Demonspawn Reaver on Nov 27, 2022.
             Quit the game on level 2 of the Dungeon.
             The game lasted 00:02:39 (959 turns).

Shayle the Conjurer (Demonspawn Reaver)              Turns: 959, Time: 00:02:39

Health: 12/28      AC:  4    Str: 12    XL:     3   Next: 0%
Magic:  6/6        EV: 11    Int: 16    God:
Gold:   13         SH:  0    Dex: 13    Spells: 4/6 levels left

rFire   . . .      SeeInvis .    k - +2 short sword (venom)
rCold   . . .      Faith    .    (no shield)
rNeg    . . .      Spirit   .    b - +0 leather armour
rPois   .          Reflect  .    (helmet restricted)
rElec   .          Harm     .    (no cloak)
rCorr   .          Rampage  .    (no gloves)
Will    .....                    l - +0 pair of boots
Stlth   ++........               (no amulet)
HPRegen 0.24/turn                (no ring)
MPRegen 0.10/turn                (no ring)

@: no status effects
A: antennae 1, thin skeletal structure 1
a: no special abilities


You were on level 2 of the Dungeon.
You visited 1 branch of the dungeon, and saw 2 of its levels.

You collected 13 gold pieces.

Inventory:

Hand Weapons
 a - a +0 hand axe
 k - a +2 short sword of venom (weapon)
Armour
 b - a +0 leather armour (worn)
 l - a +0 pair of boots (worn)
Jewellery
 h - a +6 ring of intelligence
Scrolls
 c - a scroll of magic mapping {unknown}
 d - a scroll of summoning {unknown}
 f - a scroll of noise {unknown}
 g - 2 scrolls of blinking {unknown}
 j - a scroll of vulnerability {unknown}
 o - a scroll of fear {unknown}
Potions
 e - 2 potions of mutation {unknown}
 i - a potion of haste {unknown}
 m - a potion of brilliance {unknown}
 n - a potion of resistance {unknown}


   Skills:
 + Level 2.5 Fighting
 - Level 2.6 Axes
 + Level 1.2 Armour
 - Level 1.7 Dodging
 + Level 1.3 Stealth
 - Level 2.0 Spellcasting
 - Level 3.0 Conjurations


You had 4 spell levels left.
You knew the following spells:

 Your Spells              Type           Power      Damage    Failure   Level
a - Kiss of Death         Conj/Necr      24%        2d7       14%         1
b - Sting                 Tmut/Pois      4%         1d3       26%         1

Your spell library contained the following spells:

 Spells                   Type           Power      Damage    Failure   Level
 Momentum Strike          Conj/Tloc      12%        3d8       22%         2
 Poisonous Vapours        Pois/Air       2%         N/A       36%         2
 Hailstorm                Conj/Ice       6%         3d4       38%         3
 Olgreb's Toxic Radiance  Pois           1%         N/A       95%         4


Dungeon Overview and Level Annotations

Branches:
Dungeon (2/15)

Altars:
Ru

Shops:
D:2 =


Innate Abilities, Weirdness & Mutations

You have a pair of small antennae on your head.
You have a somewhat thin skeletal structure. (Dex +2, Stealth+)


Message History

HP restored.
A giant cockroach and an adder come into view.
The adder moves out of view.
Found a scroll labelled CUQAAMI TUED.
The helpless giant cockroach fails to defend itself.
You hit the giant cockroach.
The giant cockroach is almost dead.
The adder hisses angrily.
The giant cockroach barely misses you. x2
You closely miss the giant cockroach.
The giant cockroach is almost dead.
The giant cockroach bites you but does no damage.
You hit the giant cockroach.
You kill the giant cockroach!
The adder barely misses you. The adder misses you.
You hit the adder.
The adder is poisoned.
The adder is lightly wounded.
The adder closely misses you.
You hit the adder.
The adder looks as sick as possible!
The adder is moderately wounded.
The adder bites you.
You are poisoned.
The adder poisons you!
You closely miss the adder.
The adder is heavily wounded.
You feel sick. The adder bites you.
You are more poisoned.
The adder poisons you! The adder misses you.
You hit the adder.
The adder looks as sick as possible!
The adder is almost dead.
You feel sick.
You kill the adder!
You have reached level 3!
Your experience leads to an increase in your attributes!
Increase (S)trength, (I)ntelligence, or (D)exterity?
You feel clever. x2; Your demonic ancestry asserts itself...
A pair of antennae grows on your head!
You start resting.
You feel sick. x7
You are no longer poisoned.
Are you sure you want to abandon this character and quit the game? (Confirm with "yes".)

#......####.#
#.##.### #.#
########.##.# #.#
.........##.## #.#
##########...##
#.#######
#.....####.....<..
##..........#######
#######......####.#
........@.......(..#
##.#.##.#..######..#
# #.###.... #!.# ..#
##?.#.##..# ### #.#
#..# .# ... #


There were no monsters in sight!

Vanquished Creatures
  An adder (D:2)
  An endoplasm (D:1)
  2 giant cockroaches
  A goblin (D:1)
  A hobgoblin (D:1)
  3 jackals (D:1)
  A quokka (D:2)
  2 ball pythons (D:1)
  2 bats (D:1)
  2 frilled lizards
  A kobold (D:1)
17 creatures vanquished.

Vanquished Creatures (others)
  3 plants (D:1)
3 creatures vanquished.

Grand Total: 20 creatures vanquished

Notes
Turn   | Place    | Note
-------+----------+-------------------------------------------
     0 | D:1      | Shayle the Demonspawn Reaver began the quest for the Orb.
     0 | D:1      | Reached XP level 1. HP: 16/16 MP: 3/3
   226 | D:1      | Gained mutation: You have a somewhat thin skeletal
                  | structure. (Dex +2, Stealth+) [demonic ancestry]
   226 | D:1      | Reached XP level 2. HP: 9/22 MP: 5/5
   362 | D:1      | Learned a level 1 spell: Sting
   372 | D:1      | Reached skill level 1 in Stealth
   880 | D:2      | Found a sacrificial altar of Ru.
   890 | D:2      | Reached skill level 1 in Armour
   897 | D:2      | Found Rocufacu's One-of-a-Kind Rings.
   952 | D:2      | Gained mutation: You have a pair of small antennae on your
                  | head. [demonic ancestry]
   952 | D:2      | Reached XP level 3. HP: 19/28 MP: 6/6
   959 | D:2      | Quit the game

Illustrated notes

Levels and vault maps discovered:
D:1:      dpeg_arrival_long_road, layout_loops_ring, serial_forest,
          infiniplex_forest_clump_long, infiniplex_forest_clump_small,
          infiniplex_forest_end_1, infiniplex_forest_clump_tiny,
          infiniplex_forest_clump_diagonal, infiniplex_forest_clump_small,
          infiniplex_forest_clump_double, infiniplex_forest_clump_tiny
D:2:      layout_loops_ring, chequers_ecumenical_altar_simple_redux,
          basic_altar, minmay_misc_feat_columns, nicolae_shop_unique_rings

Skill      XL: |  1  2 |
---------------+-------+-----
Stealth        | 1 |  1.3
Armour         | 1 |  1.2
Fighting       | |  2.5
Axes           | |  2.6
Dodging        | |  1.7
Spellcasting   | |  2.0
Conjurations   | |  3.0

Action                   || total
-------------------------++-------
Melee: Hand axe          ||    31
       Short sword       ||    18
 Cast: Sting             ||     3
 Stab: Sleeping          ||     3
Armor: Leather armour    ||    20
Dodge: Dodged            ||    35

Table legend: (Time is in decaauts)
 A = Elapsed time spent in this place.
 B = Non-inter-level travel time spent in this place.
 C = Inter-level travel time spent in this place.
 D = Time resting spent in this place.
 E = Time spent auto-exploring this place.
 F = Levels seen in this place.
 G = Mean time per level.
                   A        B        C        D        E       F      G
               +--------+--------+--------+--------+--------+-----+--------+
         Total |    963 |    932 |     31 |      7 |    739 |   2 |  481.5 |
       Dungeon |    963 |    932 |     31 |      7 |    739 |   2 |  481.5 |
               +--------+--------+--------+--------+--------+-----+--------+

Top non-repeatable levels by time:
     D:1: 872 daAuts
     D:2: 90 daAuts
